 Dungeon Crawl Stone Soup version 0.20.0-6-gd3061e9 (webtiles) character file.

76 eeldvark the Sneak (level 4, -1/26 HPs)
             Began as a Gargoyle Assassin on May 28, 2017.
             Slain by a wyvern skeleton (6 damage)
             ... on level 3 of the Dungeon.
             The game lasted 00:08:05 (1667 turns).

eeldvark the Sneak (Gargoyle Assassin)              Turns: 1667, Time: 00:08:06

Health: -1/26      AC:  6    Str: 15    XL:     4   Next: 32%
Magic:  4/4        EV: 12    Int: 11    God:
Gold:   98         SH:  0    Dex: 12    Spells: 3/3 levels left

rFire    . . .     SeeInvis .   p - +4 mace
rCold    . . .     Gourm    .   (no shield)
rNeg     + . .     Faith    .   c - +0 robe
rPois    ∞         Spirit   .   (no helmet)
rElec    +         Reflect  .   d - +0 cloak
rCorr    .         Harm     .   (no gloves)
MR       +....                  (no boots)
Stlth    +++.......             (no amulet)
Regen    0.1/turn               q - ring of protection from magic
MPRegen  0.1/turn               (no ring)

@: about to teleport
A: negative energy resistance 1, electricity resistance, unbreathing,
petrification resistance, rot immunity, AC +3
a: no special abilities


You were on level 3 of the Dungeon.
You were hungry.

You visited 1 branch of the dungeon, and saw 3 of its levels.

You collected 98 gold pieces.

Inventory:

Hand Weapons
 a - a +2 dagger
 b - a +0 blowgun
 n - a +0 hunting sling
 p - a +4 mace (weapon)
 u - a +1 short sword of holy wrath
Missiles
 e - 12 poisoned needles
 f - 2 curare-tipped needles
Armour
 c - a +0 robe (worn)
 d - a +0 cloak (worn)
 w - a +0 leather armour
Jewellery
 q - a ring of protection from magic (left hand)
Scrolls
 h - 2 scrolls of teleportation
 s - a scroll of random uselessness {unknown}
Potions
 j - 2 potions of heal wounds {unknown}
 l - a potion of lignification {unknown}
 m - a potion of mutation {unknown}
 t - a potion of berserk rage {unknown}
 v - a potion of might {unknown}
Comestibles
 g - 3 bread rations


   Skills:
 - Level 2.1 Fighting
 + Level 2.4 Short Blades
 + Level 0.4 Maces & Flails
 + Level 2.4 Throwing
 * Level 2.3 Dodging
 - Level 4.3 Stealth


You had 3 spell levels left.
You didn't know any spells.

Dungeon Overview and Level Annotations

Branches:
Dungeon (3/15)

Altars:


Innate Abilities, Weirdness & Mutations

You are resistant to torment.
Your stone body is resilient. (AC +3)
You are immune to poison.
You resist negative energy. (rN+)
You are resistant to electric shocks. (rElec)
You can survive without breathing.
You are immune to petrification.
You are immune to rotting.


Message History

You are feeling hungry.
You hit the wyvern skeleton.
The wyvern skeleton is heavily damaged.
The wyvern skeleton misses you. The wyvern skeleton bites you.
You hit the wyvern skeleton.
The wyvern skeleton is severely damaged.
The wyvern skeleton bites you!
You hit the wyvern skeleton.
The wyvern skeleton is severely damaged.
The wyvern skeleton barely misses you. The wyvern skeleton bites you!
You are too injured to fight recklessly!
Okay, then.
You sock the wyvern skeleton!
The wyvern skeleton is almost destroyed.
The wyvern skeleton closely misses you. The wyvern skeleton bites you.
* * * LOW HITPOINT WARNING * * *
Okay, then.
As you read the scroll of teleportation, it crumbles to dust.
You feel strangely unstable. The wyvern skeleton bites you.
You die...

#.# #...... #>#
####### ##
##<###......
#.########.......###.
#..<.......###..# #(
##.#######.# #..# ##
#.#.### #.# #).#
#....# #.# #..#
####@# #.# #..#
#Z######.###<.#
#.............#
########...##.# ###.#
.# #.# .# #.# .# #.#
.# ... .#


You could see a wyvern skeleton.

Vanquished Creatures
  3 adders (D:2)
  A worm (D:3)
  3 dart slugs
  2 orcs (D:3)
  2 bats
  2 giant cockroaches (D:1)
  4 goblins
  6 hobgoblins
  2 jackals (D:1)
  8 kobolds
  2 frilled lizards (D:1)
  4 rats
39 creatures vanquished.

Notes
Turn   | Place    | Note
-------+----------+-------------------------------------------
     0 | D:1      | eeldvark the Gargoyle Assassin began the quest for the Orb.
     0 | D:1      | Reached XP level 1. HP: 12/12 MP: 1/1
    60 | D:1      | Reached skill level 1 in Dodging
   115 | D:1      | Reached XP level 2. HP: 14/17 MP: 2/2
   880 | D:1      | Reached XP level 3. HP: 20/21 MP: 3/3
  1492 | D:2      | Reached XP level 4. HP: 19/26 MP: 4/4
  1667 | D:3      | Slain by a wyvern skeleton

Skill      XL: |  1  2  3 |
---------------+----------+-----
Dodging        | 1 2 |  2.3
Throwing       | 2 |  2.4
Short Blades   | 2 |  2.4
Fighting       | |  2.1
Maces & Flails | |  0.4
Stealth        | |  4.3

Action                   |  1- 3 |  4- 6 || total
-------------------------+-------+-------++-------
Melee: Dagger            |    90 |       ||    90
       Mace              |    13 |    27 ||    40
  Use: Scroll            |       |     8 ||     8
 Stab: Sleeping          |     9 |       ||     9
  Eat: Chunk             |     2 |       ||     2
Armor: Robe              |    27 |     9 ||    36
Dodge: Dodged            |    46 |    15 ||    61
